 Dungeon Crawl Stone Soup version 0.31.0-11-ge490571c62 (webtiles) character file.

Game seed: 16787979777279521512

72220 sasquatch the Severer (level 15, -14/125 HPs)
             Began as a Demonspawn Berserker on Jan 30, 2024.
             Was a High Priest of Trog.
             Killed from afar by an ogre mage (26 damage)
             ... with a bolt of magma
             ... while paralysed by an ogre mage
             ... on level 2 of the Orcish Mines.
             The game lasted 00:34:20 (21483 turns).

sasquatch the Severer (Demonspawn Berserker)       Turns: 21483, Time: 00:34:20

Health: -14/125    AC: 28    Str: 29    XL:     15   Next: 0%
Magic:  0/15       EV:  2    Int: 11    God:    Trog [*****.]
Gold:   2320       SH:  0    Dex:  8    Spells: 14/14 levels left

rFire   . . .        d - +3 battleaxe (heavy)
rCold   . . .        (shield currently unavailable)
rNeg    + . .        y - +1 plate armour {rN+}
rPois   +            Q - +0 helmet
rElec   .            H - +2 cloak {Stlth+}
rCorr   .            E - +0 pair of gloves
SInv    +            x - +0 pair of boots {Fly}
Will    +....        R - amulet of reflection Stlth
                     F - +5 ring of evasion
HPRegen 0.40/turn    N - ring of the Ikuchi {rPois Str+5 Int+2 Dex-4 SInv}
MPRegen 0.28/turn

%: reflection, guardian spirit
@: paralysed, on berserk cooldown, flying, slowed
A: spiny 1, magic shield, magic regeneration, magic link, sharp scales 3,
corrupting presence 1, weakness stinger 2
a: Renounce Religion, Berserk, Trog's Hand, Brothers in Arms


You were on level 2 of the Orcish Mines.
You worshipped Trog.
Trog was extremely pleased with you.
You visited 4 branches of the dungeon, and saw 20 of its levels.
You also visited: Bailey.

You collected 2551 gold pieces.
You spent 231 gold pieces at shops.

Inventory:

Hand Weapons
 d - a +3 heavy battleaxe (weapon)
 e - a +6 antimagic executioner's axe
Missiles
 o - 31 boomerangs
 t - 9 javelins (quivered)
 v - 35 poisoned darts
 U - 2 throwing nets
Armour
 x - a +0 pair of boots of flying (worn)
 y - a +1 plate armour of positive energy (worn)
 E - a +0 pair of gloves (worn)
 H - a +2 cloak of stealth (worn)
 Q - a +0 helmet (worn)
Jewellery
 c - a ring of flight
 s - a ring of protection from fire
 F - a +5 ring of evasion (left hand)
 N - the ring of the Ikuchi (right hand) {rPois Str+5 Int+2 Dex-4 SInv}
   (You acquired it on level 1 of the Lair of Beasts)

   [ring of see invisible]

   Str+5:     It affects your strength (+5).
   Int+2:     It affects your intelligence (+2).
   Dex-4:     It affects your dexterity (-4).
   rPois:     It protects you from poison SInv: It lets you see invisible.
 P - a ring of ice
 R - an amulet of reflection (around neck)
Wands
 C - a wand of charming (36)
 D - a wand of flame (28)
 I - a wand of iceblast (25)
 K - a wand of acid (17)
 M - a wand of mindburst (46)
Scrolls
 f - 6 scrolls of teleportation
 h - a scroll of noise
 l - 2 scrolls of fog
 n - 3 scrolls of silence
 p - 2 scrolls of brand weapon
 u - 4 scrolls of blinking
 w - 5 scrolls of poison
 z - 2 scrolls of vulnerability
 A - 6 scrolls of revelation
 J - 4 scrolls of fear
 O - 4 scrolls of immolation
 T - a scroll of enchant armour {unknown}
Potions
 a - 4 potions of attraction {unknown}
 b - 10 potions of curing
 g - 9 potions of heal wounds
 i - a potion of berserk rage {unknown}
 j - 4 potions of magic
 k - 3 potions of might
 m - 5 potions of degeneration {unknown}
 r - 5 potions of enlightenment
 B - 3 potions of haste
 G - 4 potions of mutation
 L - 2 potions of lignification {unknown}
 S - a potion of invisibility {unknown}
Miscellaneous
 q - a tin of tremorstones (2/2)


   Skills:
 + Level 13.8 Fighting
 + Level 17.1 Axes
 + Level 13.5 Armour
 - Level 2.1 Dodging


You had 14 spell levels left.
You didn't know any spells.
Your spell library was empty.

Dungeon Overview and Level Annotations

Branches:
Dungeon (12/15)            Temple (1/1) D:4            Lair (5/5) D:9
  Swamp (0/4) Lair:3        Snake (0/4) Lair:3        Slime (0/5) Lair:4
    Orc (2/2) D:12         Bailey (visited)
    Elf: Orc:2

Altars:
Ashenzari
Cheibriados
Dithmenos
Fedhas
Gozag
Hepliaklqana
Kikubaaqudgha
Makhleb
Nemelex Xobeh
Okawaru
Qazlal
Ru
Sif Muna
Trog
Uskayaw
Vehumet
Wu Jian
Xom
Yredelemnul
Jiyva

Shops:
D:1 ?   D:2 !   D:7 !   D:9 *   D:12 ?

Portals:
Trove: D:12 (give 2 scrolls of acquirement)

Annotations:
Lair:1 3 runed translucent doors, Kaece's ghost, novice TeFE
Lair:2 exclusion: oklob plant
Lair:4 2 transporters, exclusion: oklob plant
Lair:5 exclusion: obsidian statue
Orc:1 2 transporters, Datul's ghost, journeyman DEAE


Innate Abilities, Weirdness & Mutations

You are partially covered in sharp spines.
When hurt, damage is shared between your health and your magic reserves.
You regenerate magic rapidly.
When low on magic, you restore magic in place of health.
You are completely covered in razor-sharp scales. (AC +3, Slay +3)
Your presence sometimes corrodes those you injure.
You have a tail ending in a sharp stinger.


Message History

The ogre mage points at the ogre and mumbles some strange words.
The ogre seems to speed up.
The two-headed ogre hits you with a +0 giant club!!
You block the two-headed ogre's attack.
The ogre mage hits you but does no damage.
An ogre comes into view. It is wielding a +0 giant club.
A two-headed ogre comes into view.
It is wielding a +0 dire flail and a +0 giant club.
The ogre mage gestures at you while chanting.
You suddenly lose the ability to move!
The ogre moves out of view.
A two-headed ogre comes into view. It is wielding two +0 giant clubs.
The two-headed ogre hits you with a +0 giant club.
The two-headed ogre hits you but does no damage.
The ogre mage gestures wildly while chanting.
The ogre mage flickers and vanishes for a moment.
A two-headed ogre comes into view.
It is wielding a +0 giant spiked club and a +0 giant club.
The two-headed ogre hits you with a +0 giant club!!
The two-headed ogre hits you but does no damage.
The ogre mage is struck by your spines.
The ogre mage hits you but does no damage.
An ogre comes into view. It is wielding a +0 giant club.
The two-headed ogre hits you with a +0 giant club! x2
An ogre comes into view. It is wielding a +0 giant club.
The two-headed ogre is struck by your spines.
The two-headed ogre hits you with a +0 giant club!
* * * LOW HITPOINT WARNING * * *
The two-headed ogre hits you but does no damage.
The ogre hits you with a +0 giant club!
* * * LOW HITPOINT WARNING * * *
The ogre mage is struck by your spines. The ogre mage completely misses you.
The ogre mage hits you but does no damage.
The ogre is struck by your spines. The ogre hits you with a +0 giant club.
* * * LOW HITPOINT WARNING * * *
The two-headed ogre hits you but does no damage. x2
The ogre mage hits you with a +0 spear.
* * * LOW HITPOINT WARNING * * *
The two-headed ogre completely misses you.
The two-headed ogre barely misses you.
The ogre mage gestures at you while chanting.
The bolt of magma hits you!!
You die... ### ###.. ##### #.#.. ....## ##... ....## ###. ## #...##### ## ...# #..#.#.## #. ..OOO

#.......### ##
..OOOO#O.....##.## #
..OOOOO@O........# #
.OOOOOOO..#.....## #
....OO#........## ###
....O##........### ##.#
...####..........####...
## #............##....
..........#.##.....
.......#...####....
......##.#.## ##...


You could see 9 two-headed ogres, 4 ogre magi and 11 ogres.

Vanquished Creatures
  2 dire elephants (Lair:5)
  A fire dragon (D:10)
  2 hydras (Lair:3)
  A catoblepas (Lair:5)
  Harold (Orc:1)
  18 death yaks
  6 two-headed ogres
  An orc high priest (Orc:1)
  Nergalle (Lair:1)
  A spectral death yak (Lair:5)
  A spectral anaconda (Lair:5)
  2 bog bodies
  4 necromancers (Lair:5)
  An orc knight (Bailey)
  2 orc sorcerers
  2 cyclopes
  A manticore (D:12)
  21 elephants
  2 black mambas
  2 gargoyles
  6 komodo dragons
  10 cane toads
  6 kobold demonologists
  4 rime drakes
  3 polar bears
  5 trolls
  2 hornets (D:9)
  22 blink frogs
  5 dream sheep (Lair:5)
  A wraith (D:10)
  Sigmund (D:4)
  A shadow (D:9)
  A dire elephant simulacrum (Lair:5)
  A wyvern (Lair:5)
  Eustachio (D:4)
  3 basilisks
  38 yaks
  5 vampire mosquitoes (D:12)
  3 wargs (Orc:1)
  2 death yak simulacra (Lair:5)
  4 steam dragons
  A naga (Lair:3)
  A spectral cane toad (Lair:5)
  12 water moccasins
  23 orc warriors
  An ice beast (D:7)
  Pargi (D:3)
  A sky beast (D:6)
  An elephant zombie (Lair:5)
  2 black bears
  10 ogres
  17 wolves
  8 centaurs
  An elephant skeleton (Lair:5)
  2 phantoms (D:4)
  3 kobold brigands
  10 bullfrogs
  A gnoll sergeant (D:6)
  2 scorpions
  A wyvern skeleton (D:7)
  A wyvern zombie (D:7)
  2 wights
  16 killer bees
  3 elephant simulacra (Lair:5)
  10 howler monkeys
  2 centaur zombies (D:7)
  2 bombardier beetles (D:4)
  A human zombie (D:7)
  Crazy Yiuf (D:5)
  12 orc priests
  A centaur skeleton (D:7)
  A gnoll bouda (D:8)
  2 jellies
  Jessica (D:2)
  Ijyb (D:5)
  4 iguanas
  3 sleepcaps (D:6)
  Natasha (twice) (D:3)
  23 orc wizards
  3 killer bee zombies (D:7)
  Robin (D:4)
  6 adders
  16 gnolls
  2 howler monkey skeletons (D:7)
  2 shadow imps
  2 white imps (D:6)
  6 ufetubi
  3 dart slugs
  3 ribbon worms
  69 orcs
  8 ball pythons
  9 endoplasms
  4 giant cockroaches
  8 hobgoblins
  8 jackals
  28 kobolds
  2 quokkas
  9 bats
  4 frilled lizards
  15 goblins
  2 rats
  A butterfly (D:3)
593 creatures vanquished.

Vanquished Creatures (collateral kills)
  A dire elephant (Lair:5)
  5 death yaks (Lair:4)
  A cyclops (D:12)
  A cane toad (Lair:4)
  A kobold brigand (D:12)
  2 howler monkeys (D:12)
  An orc priest (D:12)
  An orc wizard (D:12)
  An orc (D:12)
  2 kobolds (D:12)
16 creatures vanquished.

Vanquished Creatures (others)
  An orc wizard (Orc:2)
1 creature vanquished.

Grand Total: 610 creatures vanquished

Notes
Turn   | Place    | Note
-------+----------+-------------------------------------------
     0 | D:1      | sasquatch the Demonspawn Berserker began the quest for the
                  | Orb.
     0 | D:1      | Reached XP level 1. HP: 18/18 MP: 1/1
   136 | D:1      | Gained mutation: You are partially covered in razor-sharp
                  | scales. (AC +1, Slay +1) [demonic ancestry]
   136 | D:1      | Reached XP level 2. HP: 24/24 MP: 2/2
   434 | D:1      | Found Qiahut's Magic Scroll Shoppe.
   449 | D:1      | Bought a scroll of teleportation for 42 gold pieces
   477 | D:1      | Reached skill level 3 in Axes
   555 | D:1      | Found a faded altar of an unknown god.
   871 | D:2      | Reached XP level 3. HP: 24/29 MP: 3/3
  1039 | D:2      | Reached ** piety under Trog
  1153 | D:2      | Noticed Jessica
  1159 | D:2      | Killed Jessica
  1160 | D:2      | Gained mutation: You regenerate magic rapidly. [demonic
                  | ancestry]
  1160 | D:2      | Reached XP level 4. HP: 37/37 MP: 4/4
  1558 | D:2      | Found Rinouq's Distillery.
  1564 | D:2      | Bought a potion of heal wounds for 60 gold pieces
  1682 | D:3      | Found a shimmering altar of Xom.
  1689 | D:3      | Noticed Pargi
  1701 | D:3      | Killed Pargi
  1702 | D:3      | Reached skill level 4 in Axes
  1702 | D:3      | Reached XP level 5. HP: 42/42 MP: 5/5
  1922 | D:3      | Found a shimmering blue altar of Sif Muna.
  2075 | D:3      | Found a sacrificial altar of Ru.
  2087 | D:3      | Noticed Natasha
  2112 | D:3      | Killed Natasha
  2182 | D:3      | Noticed an ogre
  2194 | D:3      | Killed an ogre
  2195 | D:3      | Reached skill level 5 in Axes
  2195 | D:3      | Gained mutation: When hurt, damage is shared between your
                  | health and your magic reserves. [demonic ancestry]
  2195 | D:3      | Reached XP level 6. HP: 32/49 MP: 6/6
  2449 | D:3      | Noticed Natasha
  2473 | D:3      | Killed Natasha
  2725 | D:4      | Found an iron altar of Okawaru.
  2834 | D:4      | Noticed Sigmund
  2841 | D:4      | Killed Sigmund
  2842 | D:4      | Reached skill level 5 in Fighting
  2842 | D:4      | Reached skill level 6 in Axes
  2842 | D:4      | Gained mutation: When low on magic, you restore magic in
                  | place of health. [demonic ancestry]
  2842 | D:4      | Reached XP level 7. HP: 56/56 MP: 7/7
  2900 | D:4      | Noticed Robin
  2909 | D:4      | Killed Robin
  3149 | D:4      | Noticed Eustachio
  3357 | D:4      | Found a staircase to the Ecumenical Temple.
  3363 | D:4      | You are sucked into a shaft and drop 3 floors!
  3381 | D:7      | Reached skill level 7 in Axes
  3381 | D:7      | Reached *** piety under Trog
  3397 | D:7      | Gained mutation: You are mostly covered in razor-sharp
                  | scales. (AC +2, Slay +2) [demonic ancestry]
  3397 | D:7      | Reached XP level 8. HP: 46/64 MP: 8/8
  3751 | D:7      | Identified the +5 trident "Beocwing" {flame, rC- rN++}
  3841 | D:7      | Found Liahow's Distillery.
  3883 | D:6      | Reached skill level 8 in Axes
  4202 | D:6      | Identified the +9 mace of Ezxa {protect, rF++ Str-3 Int+5}
  4262 | D:5      | Entered Level 5 of the Dungeon
  4263 | D:5      | Found a snail-covered altar of Cheibriados.
  4472 | D:5      | Noticed Ijyb
  4498 | D:4      | Reached skill level 9 in Axes
  4503 | Temple   | Entered the Ecumenical Temple
  4614 | D:4      | Killed Eustachio
  4615 | D:4      | Reached XP level 9. HP: 63/72 MP: 7/9
  4798 | D:4      | Found a blossoming altar of Fedhas.
  5243 | D:5      | Found a radiant altar of Vehumet.
  5307 | D:5      | Reached **** piety under Trog
  5341 | D:5      | Found a broken altar of Ashenzari.
  5381 | D:5      | Killed Ijyb
  5657 | D:5      | Found a runed translucent door.
  5658 | D:5      | Noticed Crazy Yiuf
  5921 | D:5      | Killed Crazy Yiuf
  6635 | D:7      | Bought a potion of curing for 45 gold pieces
  6792 | D:7      | Reached skill level 10 in Axes
  6868 | D:7      | Identified the +0 leather armour "Hiphuvaw" {Slay+2}
  6938 | D:7      | Found an ornate altar of the Wu Jian Council.
  6938 | D:7      | Found a sparkling altar of Nemelex Xobeh.
  7184 | D:7      | Found an ancient bone altar of Kikubaaqudgha.
  7639 | D:8      | Reached skill level 11 in Axes
  7854 | D:8      | Gained mutation: You are completely covered in razor-sharp
                  | scales. (AC +3, Slay +3) [demonic ancestry]
  7854 | D:8      | Reached XP level 10. HP: 83/83 MP: 10/10
  7994 | D:8      | Found a stormy altar of Qazlal.
  8027 | D:8      | Found a burning altar of Makhleb.
  8369 | D:9      | Reached ***** piety under Trog
  8682 | D:9      | Found Qeptoax's Assorted Antiques.
  8930 | D:9      | Found a shadowy altar of Dithmenos.
  8932 | D:9      | Found a hide-covered altar of Uskayaw.
  8934 | D:9      | Found an opulent altar of Gozag.
  8950 | D:9      | Found a staircase to the Lair.
  9452 | Lair:1   | Entered Level 1 of the Lair of Beasts
  9452 | Lair:1   | Noticed a cane toad
  9455 | Lair:1   | Killed a cane toad
  9456 | Lair:1   | Reached skill level 12 in Axes
  9456 | Lair:1   | Noticed a cane toad
  9458 | Lair:1   | Noticed a cane toad
  9502 | Lair:1   | Reached skill level 10 in Fighting
  9502 | Lair:1   | Killed a cane toad
  9631 | Lair:1   | Identified a scroll of acquirement
  9632 | Lair:1   | Acquired the ring of the Ikuchi {rPois Str+5 Int+2 Dex-4
                  | SInv}
  9831 | Lair:1   | Found a runed translucent gate.
  9832 | Lair:1   | Found a runed translucent gate.
  9833 | Lair:1   | Found a runed translucent gate.
  9834 | Lair:1   | Noticed a spectral catoblepas
  9836 | Lair:1   | Noticed Kaece's ghost (novice TeFE)
  9897 | Lair:1   | Noticed Nergalle
  9900 | Lair:1   | Reached skill level 13 in Axes
  9913 | Lair:1   | Killed Nergalle
  9914 | Lair:1   | Gained mutation: You are partially covered in sharp spines.
                  | [demonic ancestry]
  9914 | Lair:1   | Reached XP level 11. HP: 90/90 MP: 11/11
 10840 | Lair:2   | Noticed an oklob plant
 10896 | Lair:2   | Reached skill level 14 in Axes
 10984 | Lair:2   | Reached skill level 5 in Armour
 11938 | Lair:3   | Noticed a bog body
 11938 | Lair:3   | Noticed a bog body
 11938 | Lair:3   | Found a staircase to the Swamp.
 11981 | Lair:3   | Noticed a seven-headed hydra
 12190 | Lair:3   | Found a staircase to the Snake Pit.
 12270 | Lair:3   | Reached XP level 12. HP: 97/97 MP: 10/12
 12339 | Lair:3   | Killed a 14-headed hydra
 12568 | Lair:3   | Received a gift from Trog
 12770 | Lair:2   | Reached skill level 10 in Armour
 13350 | Lair:3   | Noticed a six-headed hydra
 13359 | Lair:3   | Killed an 11-headed hydra
 13838 | Lair:4   | Noticed a death yak
 13838 | Lair:4   | Noticed a death yak
 13838 | Lair:4   | Noticed a death yak
 13838 | Lair:4   | Noticed a death yak
 13839 | Lair:4   | Noticed a death yak
 13840 | Lair:4   | Noticed a death yak
 13844 | Lair:4   | Killed a death yak
 13845 | Lair:4   | Killed a death yak
 13851 | Lair:4   | Killed a death yak
 13854 | Lair:4   | Killed a death yak
 13857 | Lair:4   | Killed a death yak
 13859 | Lair:4   | Killed a death yak
 14046 | Lair:4   | Noticed a death yak
 14048 | Lair:4   | Noticed a death yak
 14048 | Lair:4   | Noticed a death yak
 14048 | Lair:4   | Noticed a death yak
 14049 | Lair:4   | Noticed a death yak
 14051 | Lair:4   | Noticed a death yak
 14054 | Lair:4   | Killed a death yak
 14055 | Lair:4   | Gained mutation: You have a small tail. [demonic ancestry]
 14055 | Lair:4   | Reached XP level 13. HP: 106/106 MP: 11/13
 14205 | Lair:4   | Found a transporter.
 14207 | Lair:4   | Found a viscous altar of Jiyva.
 14423 | Lair:4   | Reached skill level 15 in Axes
 14801 | Lair:4   | Found a transporter.
 14898 | Lair:4   | Found a staircase to the Slime Pits.
 15144 | Lair:5   | Entered Level 5 of the Lair of Beasts
 15756 | Lair:5   | Reached skill level 16 in Axes
 15867 | Lair:5   | Gained mutation: You have a tail ending in a sharp stinger.
                  | [demonic ancestry]
 15867 | Lair:5   | Reached XP level 14. HP: 87/115 MP: 12/14
 16080 | Lair:5   | Received a gift from Trog
 16914 | Lair:5   | Identified the +8 shortbow of Hostrico {heavy, rN+ MP+9
                  | Stlth+}
 17038 | Lair:5   | Identified the staff of the Sky {rElec rF+ Int+6 Dex-2
                  | Fire}
 17266 | D:10     | Entered Level 10 of the Dungeon
 17297 | D:10     | Found a basalt altar of Yredelemnul.
 17416 | D:10     | Found a bloodstained altar of Trog.
 17458 | D:10     | Found a flagged portal.
 17486 | Bailey   | Entered a bailey
 18304 | D:10     | Identified the +8 falchion of the Sky {antimagic, rF+ rCorr
                  | Str-2 Dex+4}
 19768 | D:12     | Received a gift from Trog
 19788 | D:12     | Found a staircase to the Orcish Mines.
 20281 | D:12     | Found a portal to a secret trove of treasure.
 20320 | D:12     | Found Quemn's Magic Scroll Shoppe.
 20323 | D:12     | Bought a scroll of teleportation for 42 gold pieces
 20323 | D:12     | Bought a scroll of teleportation for 42 gold pieces
 20485 | Orc:1    | Entered Level 1 of the Orcish Mines
 20485 | Orc:1    | Found a transporter.
 20488 | Orc:1    | Noticed Datul's ghost (journeyman DEAE)
 20509 | Orc:1    | Noticed Harold
 20520 | Orc:1    | Killed Harold
 20522 | Orc:1    | Found a transporter.
 20739 | Orc:1    | Received a gift from Trog
 21038 | Orc:2    | Entered Level 2 of the Orcish Mines
 21127 | Orc:2    | Reached skill level 17 in Axes
 21476 | Orc:2    | Gained mutation: Your presence sometimes corrodes those you
                  | injure. [demonic ancestry]
 21476 | Orc:2    | Reached XP level 15. HP: 125/125 MP: 13/15
 21479 | Orc:2    | Paralysed by an ogre mage for 5 turns
 21483 | Orc:2    | Killed from afar by an ogre mage

Illustrated notes

Levels and vault maps discovered:
D:1:      matt_arrival_refuge, layout_loops_ring,
          shapermc_ecumenical_altar_acropolis, serial_shops, shop_scrolls
D:2:      layout_loops_cross, serial_shops, nicolae_shop_rolling_square,
          minmay_pentomino_z2, uniq_jessica
D:3:      layout_basic, zin_statuary, nicolae_sif_muna_condensation,
          xom_butterflies, mainiacjoe_overflow_surrounded_room, nrook_campfire,
          grunt_ministairs_9, uniq_pargi, uniq_natasha
D:4:      layout_loops_ring, mainiacjoe_overflow_catwalk, fedhas_altar_1,
          temple_statues, minmay_misc_feat_x, uniq_sigmund, uniq_eustachio,
          uniq_robin
D:5:      layout_basic, mainiacjoe_overflow_boulevard, slow_altar_1,
          nicolae_vehumet_altar_sigil, uniq_ijyb, uniq_crazy_yiuf_cottage
D:6:      layout_loops_cross
D:7:      layout_basic, mainiacjoe_overflow_24_doors,
          lemuel_mausoleum_altar_kikubaaqudgha, amethyst_overflow_temple_binary,
          serial_shops, nicolae_square_shop, hangedman_decor_diamond_cutter
D:8:      layout_rooms, nicolae_qazlal_eye_of_the_storm, lightli_temple_of_fire,
          kennysheep_little_box
D:9:      layout_roguey, grunt_temple_overflow_open, lair_entry_dummy,
          serial_rivers, chequers_serial_rivers_micro_d,
          chequers_serial_rivers_micro_a, chequers_serial_rivers_large_b,
          chequers_serial_rivers_micro_a, chequers_serial_rivers_large_a,
          serial_shops, nicolae_shop_tiny_statue_garden
D:10:     minmay_clustersquares, layout_loops_ring,
          mainiacjoe_overflow_brackets, amcnicky_altar_gilded, enter_bailey_4,
          due_unseen_surprise
D:11:     layout_roguey
D:12:     layout_rooms, minmay_orc_entry_temple_small,
          nicolae_trove_entry_diagonal, serial_shops,
          nicolae_shop_tiny_real_fake_doors
Temple:   ebering_the_one_and_only
Lair:1:   layout_cave_pods, gammafunk_ghost_necromancy, uniq_nergalle
Lair:2:   layout_loops_ring, minmay_lair_oklob_bushes, minivault_24,
          nicolae_quartered_pool_medium
Lair:3:   layout_long_grid, skrybe_swamp_entry_bodies,
          guppyfry_snake_entry_island, minivault_11, grunt_megastairs_3,
          lemuel_fruit_tree, infiniplex_staircase_pool
Lair:4:   gammafunk_worm_tunnel, layout_loops_ring,
          minmay_slime_entry_oklob_open, grunt_megastairs_5
Lair:5:   due_jungle_book, layout_loops_ring, nicolae_lair_lil_pond,
          serial_bayou_crossing
Orc:1:    layout_caves, gammafunk_ghost_arena, uniq_harold
Orc:2:    st_orc_ogre_mass, layout_diamond_mine, serial_shops, shop,
          uniq_erolcha

Skill      XL: |  1  2  3  4  5  6  7  8  9 10 11 12 13 14 |
---------------+-------------------------------------------+-----
Armour         | 2 8 10 12 13 | 13.5
Dodging        | 2 |  2.1
Axes           | 3 4 5 6 7 9 11 13 14 16 17 | 17.1
Fighting       | 4 5 6 7 9 10 11 12 13 | 13.8

Action                     |  1- 3 |  4- 6 |  7- 9 | 10-12 | 13-15 || total
---------------------------+-------+-------+-------+-------+-------++-------
  Melee: Hand axe          |   108 |   122 |   123 |       |       ||   353
         Punch             |       |     1 |     9 |     5 |     1 ||    16
         War axe           |       |       |   320 |   458 |   252 ||  1030
         Tailslap          |       |       |       |       |    94 ||    94
         Battleaxe         |       |       |       |       |   335 ||   335
  Throw: Boomerang         |     3 |       |       |       |       ||     3
         Javelin           |       |       |       |     5 |       ||     5
 Invoke: Berserk           |     1 |     5 |     9 |    11 |     7 ||    33
         Brothers in Arms  |       |       |       |     1 |     2 ||     3
  Evoke: Wand              |       |       |       |     1 |       ||     1
    Use: Scroll            |       |     1 |    10 |     7 |     3 ||    21
         Potion            |       |       |     1 |       |     1 ||     2
   Stab: Distracted        |     1 |       |       |       |       ||     1
         Sleeping          |       |       |     3 |     1 |       ||     4
 Armour: Animal skin       |     9 |       |       |       |       ||     9
         Ring mail         |    51 |    85 |   403 |   270 |       ||   809
         Plate armour      |       |       |    25 |    96 |   499 ||   620
  Dodge: Dodged            |    54 |    89 |   300 |   310 |   283 ||  1036
  Block: Other             |       |       |       |       |   127 ||   127
         Reflection        |       |       |       |       |    15 ||    15
